 Dungeon Crawl Stone Soup version 0.31-a0-983-g7b6862f502 (webtiles) character file.

Game seed: 6827823238657849634

518 horus123 the Firebug (level 7, -4/39 HPs)
             Began as a Deep Elf Fire Elementalist on Nov 3, 2023.
             Killed by divine providence
             ... invoked by an orc priest
              (10 damage)
             ... on level 4 of the Dungeon.
             The game lasted 00:14:05 (4789 turns).

horus123 the Firebug (Deep Elf Fire Elementalist)   Turns: 4789, Time: 00:14:05

Health: -4/39      AC:  7    Str:  5    XL:     7   Next: 1%
Magic:  9/16       EV: 12    Int: 34    God:
Gold:   172        SH:  0    Dex: 15    Spells: 10/16 levels left

rFire   . . .        o - +0 dagger (pain)
rCold   . . .        (no shield)
rNeg    . . .        a - +0 robe
rPois   .            p - +0 helmet
rElec   .            g - +0 cloak
rCorr   .            (no gloves)
SInv    .            (no boots)
Will    .....        (no amulet)
Stlth   ++           u - +6 ring of intelligence
HPRegen 0.26/turn    k - +6 ring of intelligence
MPRegen 0.15/turn

%: no passive effects
@: no status effects
A: iridescent scales 1, robust 1, shaggy fur 1, evolution 1
a: no special abilities


You were on level 4 of the Dungeon.
You visited 1 branch of the dungeon, and saw 4 of its levels.
You also visited: Ossuary.

You collected 172 gold pieces.

Inventory:

Hand Weapons
 l - a +1 heavy spear
 o - a +0 dagger of pain (weapon)
Armour
 a - a +0 robe (worn)
 g - a +0 cloak (worn)
 p - a +0 helmet (worn)
 v - a +4 chain mail
Jewellery
 j - a ring of flight
 k - a +6 ring of intelligence (right hand)
 u - a +6 ring of intelligence (left hand)
Scrolls
 c - a scroll of blinking {unknown}
 e - a scroll of enchant armour {unknown}
 f - 4 scrolls of teleportation {unknown}
 h - 2 scrolls of identify {unknown}
 s - 3 scrolls of fear {unknown}
 t - a scroll of revelation {unknown}
Potions
 b - a potion of curing
 d - a potion of heal wounds {unknown}
 i - 2 potions of mutation
 m - a potion of enlightenment {unknown}
 q - 2 potions of attraction
 r - a potion of brilliance {unknown}


   Skills:
 - Level 2.4 Dodging
 - Level 2.4 Stealth
 - Level 5.0 Spellcasting
 + Level 1.7 Conjurations
 - Level 4.6 Translocations
 - Level 6.2 Fire Magic


You had 10 spell levels left.
You knew the following spells:

 Your Spells              Type           Power      Damage    Failure   Level
a - Foxfire               Conj/Fire      100%       2x1d9     1%          1
b - Scorch                Fire           100%       2d9       1%          2
c - Volatile Blastmotes   Fire/Tloc      90%        2d17      1%          3

Your spell library contained the following spells:

 Spells                   Type           Power      Damage    Failure   Level
 Inner Flame              Hex/Fire       29%        N/A       3%          3
 Freeze                   Ice            32%        1d5       4%          1
 Flame Wave               Conj/Fire      35%        2d10      9%          4
 Hailstorm                Conj/Ice       14%        3d5       10%         3
 Frozen Ramparts          Ice            16%        1d3       13%         3


Dungeon Overview and Level Annotations

Branches:
Dungeon (4/15)            Ossuary (visited)
 Temple: D:4-7

Altars:
Ashenzari
Gozag

Shops:
D:1 *


Innate Abilities, Weirdness & Mutations

You are partially covered in iridescent scales. (AC +2)
You are robust. (+10% HP)
You are covered in fur. (AC +1)
You have hidden genetic potential.


Message History

You kill the hobgoblin!
A quokka comes into view.
The quokka moves out of view.
You open the door. 2 orc priests, 2 orcs and a ball python come into view.
Found 111 gold pieces.
Found a roughly hewn altar of Beogh.
Casting: Scorch (safe; 1% risk of failure)
Confirm with . or Enter, or press ? or * to list all spells.
A cloud of volatile blastmotes flares up around you!
The orc shouts!
The orc priest shouts!
The orc priest casts a cantrip, but nothing happens.
The ball python hisses angrily.
The orc priest mumbles some strange prayers to Beogh against you.
Beogh smites you!
The cloud of blastmotes explodes!
The concussive blast engulfs the orc!
You kill the orc!
Casting: Volatile Blastmotes (safe; 1% risk of failure)
Confirm with . or Enter, or press ? or * to list all spells.
A cloud of volatile blastmotes flares up around you!
The cloud of blastmotes explodes!
The concussive blast engulfs the orc priest!
You kill the orc priest!
The concussive blast engulfs you!!
Ouch! That really hurt!
* * * LOW HITPOINT WARNING * * *
You are knocked back by the blast.
You hear a shout!
You have reached level 7!
Okay, then.
Found a stone staircase leading down.
A kobold brigand comes into view.
It is wielding a +0 dagger and quivering poisoned darts.
The kobold brigand shouts!
The orc priest shouts!
Casting: Volatile Blastmotes (safe; 1% risk of failure)
Confirm with . or Enter, or press ? or * to list all spells.
Flames lash the ball python.
You kill the ball python!
The orc priest mumbles some strange prayers to Beogh against you.
Beogh smites you!
You die...

.....##..##..##
...####..#....## #
...## #.......)####.#
....###....####....#
.....##...## ##.###
...........####..##
...####......#....###
..## #.............#
#.# ##.....###@###.#
..## ##...#####.# #
...####...## #..#
.#...)...o### #..##
##...####...###...#
#.#)# #.....o.###
###'# #.>...K## ...
#.......#
.#$8.8$#.......#


You could see a kobold brigand and an orc priest.

Vanquished Creatures
  Sigmund (D:2)
  A human zombie (Ossuary)
  2 orc priests
  2 hounds (D:4)
  An orc wizard (D:3)
  2 mummies
  Robin (D:2)
  3 adders
  2 adder zombies (Ossuary)
  A worm (D:2)
  2 dart slugs (D:3)
  7 orcs
  4 endoplasms
  3 giant cockroaches
  14 goblins
  5 hobgoblins
  4 jackals (D:1)
  8 kobolds
  4 quokkas
  3 ball pythons
  7 bats
  3 frilled lizards
  A goblin zombie (Ossuary)
  2 hobgoblin zombies (Ossuary)
  3 jackal zombies (Ossuary)
  12 kobold zombies (Ossuary)
  8 orc zombies (Ossuary)
  8 rats
  2 rat zombies (Ossuary)
116 creatures vanquished.

Vanquished Creatures (collateral kills)
  11 foxfires
11 creatures vanquished.

Vanquished Creatures (others)
  308 foxfires
308 creatures vanquished.

Grand Total: 435 creatures vanquished

Notes
Turn   | Place    | Note
-------+----------+-------------------------------------------
     0 | D:1      | horus123 the Deep Elf Fire Elementalist began the quest for
                  | the Orb.
     0 | D:1      | Reached XP level 1. HP: 10/10 MP: 6/6
   274 | D:1      | Reached XP level 2. HP: 15/15 MP: 6/9
   493 | D:1      | Learned a level 2 spell: Scorch
   810 | D:1      | Found Liheeblo's General Store.
  1240 | D:2      | Reached XP level 3. HP: 19/19 MP: 3/11
  1247 | D:2      | Reached skill level 5 in Spellcasting
  1656 | D:2      | Noticed Sigmund
  1662 | D:2      | Killed Sigmund
  1663 | D:2      | Reached skill level 5 in Fire Magic
  1663 | D:2      | Reached skill level 6 in Fire Magic
  1663 | D:2      | Reached XP level 4. HP: 1/24 MP: 9/13
  1663 | D:2      | Reached XP level 5. HP: 1/28 MP: 9/14
  1778 | D:2      | Learned a level 3 spell: Volatile Blastmotes
  1952 | D:2      | Noticed Robin
  1968 | D:2      | Killed Robin
  2515 | D:3      | Reached skill level 1 in Translocations
  2691 | D:3      | Found a broken altar of Ashenzari.
  2754 | D:3      | Found a faded altar of an unknown god.
  2903 | D:3      | Found an opulent altar of Gozag.
  3185 | D:3      | Reached XP level 6. HP: 20/32 MP: 5/15
  3198 | D:3      | Gained mutation: You are partially covered in iridescent
                  | scales. (AC +2) [potion of mutation]
  3198 | D:3      | Gained mutation: You are covered in fur. (AC +1) [potion of
                  | mutation]
  3198 | D:3      | Gained mutation: You are robust. (+10% HP) [potion of
                  | mutation]
  3198 | D:3      | Gained mutation: You have hidden genetic potential. [potion
                  | of mutation]
  3564 | D:4      | Found a sand-covered staircase.
  3604 | Ossuary  | Entered an ossuary
  4777 | D:4      | Reached XP level 7. HP: 2/39 MP: 9/16
  4789 | D:4      | Killed from afar by an orc priest

Illustrated notes

Levels and vault maps discovered:
D:1:      pf_arrival_petrified_forest, layout_basic, serial_shops,
          nicolae_shop_hallway_stairs
D:2:      layout_basic, grunt_decor_arrowhead, minmay_hedge_maze,
          hex_intersection, uniq_sigmund, uniq_robin
D:3:      layout_basic, lemuel_coloured_pillars_altar, lemuel_doored_altar,
          shapermc_ecumenical_altar_gd
D:4:      layout_layer_cave, gup_ossuary_entry_pyramid, serial_shops,
          nicolae_shop_real_fake_doors, kennysheep_orc_chapel

Skill      XL: |  1  2  3  4  5  6 |
---------------+-------------------+-----
Spellcasting   | 4 5 |  5.0
Fire Magic     | 6 |  6.2
Translocations | 2 4 |  4.6
Dodging        | |  2.4
Stealth        | |  2.4
Conjurations   | |  1.7

Action                     |  1- 3 |  4- 6 |  7- 9 || total
---------------------------+-------+-------+-------++-------
  Melee: Dagger            |       |    24 |       ||    24
   Cast: Foxfire           |    81 |    97 |       ||   178
         Scorch            |     9 |    43 |     1 ||    53
         Volatile Blastmot |       |     4 |       ||     4
    Use: Potion            |     1 |     5 |       ||     6
   Stab: Sleeping          |       |     1 |       ||     1
 Armour: Robe              |    17 |    68 |       ||    85
  Dodge: Dodged            |    12 |    55 |       ||    67

Table legend: (Time is in decaauts)
 A = Elapsed time spent in this place.
 B = Non-inter-level travel time spent in this place.
 C = Inter-level travel time spent in this place.
 D = Time resting spent in this place.
 E = Time spent auto-exploring this place.
 F = Levels seen in this place.
 G = Mean time per level.
                   A        B        C        D        E       F      G
               +--------+--------+--------+--------+--------+-----+--------+
         Total |   4784 |   4684 |    100 |    389 |   3513 |   5 |  956.8 |
       Dungeon |   4174 |   4074 |    100 |    305 |   3231 |   4 | 1043.5 |
       Ossuary |    610 |    610 |      0 |     84 |    282 |   1 |  610.0 |
               +--------+--------+--------+--------+--------+-----+--------+

Top non-repeatable levels by time:
     D:2: 1309 daAuts
     D:1: 1200 daAuts
     D:3: 915 daAuts
     D:4: 748 daAuts
 Ossuary: 610 daAuts
